 Dungeon Crawl Stone Soup version 0.25.1-1-g288607f (webtiles) character file.

Game seed: 17317278063623923954

14 auberdahn the Skirmisher (level 2, -3/28 HPs)
             Began as a Naga Fighter on Sept 25, 2020.
             Slain by an adder (4 damage)
             ... on level 1 of the Dungeon.
             The game lasted 00:00:33 (714 turns).

auberdahn the Skirmisher (Naga Fighter)              Turns: 714, Time: 00:00:34

Health: -3/28      AC:  4    Str: 18    XL:     2   Next: 41%
Magic:  2/2        EV:  5    Int:  8    God:
Gold:   42         SH:  8    Dex: 10    Spells: 1/1 levels left

rFire    . . .     SeeInvis +   a - +0 war axe
rCold    . . .     Gourm    .   c - +0 kite shield
rNeg     . . .     Faith    .   b - +0 scale mail
rPois    +         Spirit   .   (no helmet)
rElec    .         Reflect  .   (no cloak)
rCorr    .         Harm     .   (no gloves)
MR       .....                  (no barding)
Stlth    ..........             (no amulet)
HPRegen  0.09/turn              (no ring)
MPRegen  0.08/turn              (no ring)

@: lethally poisoned (-3 -> -4), short of breath, very slow
A: large, see invisible, deformed body, poison resistance, slowness 2, slow
metabolism 1, spit poison 1, AC +0
a: Spit Poison


You were on level 1 of the Dungeon.
You were not hungry.

You visited 1 branch of the dungeon, and saw 2 of its levels.

You collected 42 gold pieces.

Inventory:

Hand Weapons
 a - a +0 war axe (weapon)
Armour
 b - a +0 scale mail (worn)
 c - a +0 kite shield (worn)
Scrolls
 e - a scroll of enchant weapon {unknown}
Potions
 d - 2 potions of might
 h - a potion of curing {unknown}
Comestibles
 f - 4 rations {!d}


   Skills:
 - Level 3.0 Fighting
 * Level 3.0 Axes
 - Level 2.4 Armour
 - Level 2.4 Shields


You had one spell level left.
You didn't know any spells.
Your spell library was empty.

Dungeon Overview and Level Annotations

Branches:
Dungeon (2/15)

Altars:


Innate Abilities, Weirdness & Mutations

You cannot wear boots.
Your serpentine skin is tough. (AC +0)
You have supernaturally acute eyesight. (SInv)
Armour fits poorly on your strangely shaped body.
Your system is resistant to poisons. (rPois)
You cover ground very slowly.
You have a slow metabolism.
You can spit poison.


Message History

You hit the jackal.
You kill the jackal!
Your Axes skill increases to level 3!
You feel sick. You block the adder's attack. The adder bites you.
* * * LOW HITPOINT WARNING * * *
You barely miss the adder.
The adder is heavily wounded.
The adder barely misses you. The adder bites you.
* * * LOW HITPOINT WARNING * * *
You hit the adder.
The adder is heavily wounded.
You feel sick. The adder bites you.
* * * LOW HITPOINT WARNING * * *
Press: ? - help, Shift-Dir - straight line, f - adder
Aim: an adder (heavily wounded)
The splash of poison hits the adder.
The adder is almost dead.
You feel slightly more hungry. The adder closely misses you.
The adder bites you.
You die...

...# ###......#.......# #...#
#### #.....##.####.########...###
### #.....##.# ##.###...........
..# #......#.###........).......
..# #......#.#..................
..# #..........#...#.#####...###
..# ###..............# #>..# >.#
##.#.##..#S..#.#####...# ###
#.#.....@..##.##......#
#.####........##'##...#
########......###.#####.(##.##
#........#..####......#.(##.#
##.####..#.#.......########..####
........#...#......#............#
#..#####.....#####.#......#####.#
##..#...........#..#.##...# #.#
##...#....<....#..##......# #..


You could see an adder.

Vanquished Creatures
  A dart slug (D:1)
  A giant cockroach (D:1)
  2 hobgoblins (D:1)
  2 jackals
  A ball python (D:1)
  2 bats (D:1)
  A goblin (D:1)
  2 kobolds (D:1)
12 creatures vanquished.

Notes
Turn   | Place    | Note
-------+----------+-------------------------------------------
     0 | D:1      | auberdahn the Naga Fighter began the quest for the Orb.
     0 | D:1      | Reached XP level 1. HP: 21/21 MP: 1/1
   190 | D:1      | Reached XP level 2. HP: 19/28 MP: 2/2
   713 | D:1      | HP: 1/28 [adder (2)]
   714 | D:1      | Slain by an adder

Illustrated notes

Levels and vault maps discovered:
D:1:      scummos_arrival_star, layout_loops_cross, supply_closet_lemuel
D:2:      layout_loops_cross, lemuel_doored_altar,
          chequers_ecumenical_altar_lobes, minmay_heptomino_l4

Skill      XL: |  1  2 |
---------------+-------+-----
Axes           | 3 |  3.0
Fighting       | |  3.0
Armour         | |  2.4
Shields        | |  2.4

Action                   || total
-------------------------++-------
Melee: War axe           ||    46
 Abil: Spit Poison       ||     1
Armor: Scale mail        ||    23
Dodge: Dodged            ||    17
Block: Kite shield       ||    26
